 Dungeon Crawl Stone Soup version 0.23.2-1-ga50397a (webtiles) character file.

Game seed: 2216701583600799551

44 doot the Gusty (level 3, -6/19 HPs)
             Began as a Tengu Air Elementalist on May 10, 2019.
             Mangled by an ogre
             ... wielding a +0 giant spiked club
              (19 damage)
             ... on level 4 of the Dungeon.
             The game lasted 00:02:17 (714 turns).

doot the Gusty (Tengu Air Elementalist)              Turns: 714, Time: 00:02:18

Health: -6/19      AC:  2    Str:  8    XL:     3   Next: 62%
Magic:  1/7        EV: 13    Int: 16    God:
Gold:   58         SH:  0    Dex: 14    Spells: 0/6 levels left

rFire    . . .     SeeInvis .   m - +0 hand axe
rCold    . . .     Gourm    .   (no shield)
rNeg     . . .     Faith    .   a - +0 robe
rPois    .         Spirit   .   (helmet restricted)
rElec    .         Reflect  .   (no cloak)
rCorr    .         Harm     .   (no gloves)
MR       .....                  (boots unavailable)
Stlth    ++........             (no amulet)
HPRegen  0.06/turn              (no ring)
MPRegen  0.10/turn              (no ring)

@: no status effects
A: beak, talons 3
a: no special abilities


You were on level 4 of the Dungeon.
You were not hungry.

You visited 1 branch of the dungeon, and saw 4 of its levels.

You collected 58 gold pieces.

Inventory:

Hand Weapons
 g - a +0 dagger
 m - a +0 hand axe (weapon)
Armour
 a - a +0 robe (worn)
Scrolls
 d - a scroll of magic mapping {unknown}
 h - 3 scrolls of identify {unknown}
 j - a scroll of teleportation {unknown}
 k - a scroll of random uselessness {unknown}
Potions
 b - a potion of heal wounds {unknown}
 e - a potion of agility {unknown}
 f - a potion of berserk rage {unknown}
 l - a potion of degeneration {unknown}
 n - a potion of might {unknown}
Comestibles
 c - a ration
 i - a chunk of flesh


   Skills:
 + Level 2.3 Dodging
 + Level 2.2 Stealth
 + Level 2.4 Spellcasting
 + Level 1.9 Conjurations
 + Level 5.1 Air Magic


You couldn't memorise any spells.
You knew the following spells:

 Your Spells              Type           Power        Failure   Level  Hunger
a - Shock                 Conj/Air       ##..         4%          1    #......
b - Swiftness             Chrm/Air       ##......     11%         2    ###....
c - Static Discharge      Conj/Air       ##......     14%         3    ###....

Your spell library contained the following spells:

 Spells                   Type           Power        Failure   Level  Hunger
 Airstrike                Air            ###.......   24%         4    #####..
 Lightning Bolt           Conj/Air       ##........   78%         5    ######.


Dungeon Overview and Level Annotations

Branches:
Dungeon (4/15)
 Temple: D:4-7

Altars:


Innate Abilities, Weirdness & Mutations

You have a beak for a mouth.
You have claws for feet.


Message History

An adder comes into view.
The adder misses you. The adder bites you.
Casting: Shock (safe; 4% risk of failure)
Confirm with . or Enter, or press ? or * to list all spells.
The adder is struck by an arc of lightning.
The adder is heavily wounded.
You are struck by an arc of lightning.
The lightning grounds out.
The adder barely misses you. The adder bites you.
Unknown command.
Casting: Static Discharge (safe; 16% risk of failure)
Confirm with . or Enter, or press ? or * to list all spells.
The adder is struck by an arc of lightning!
You kill the adder!
You are struck by an arc of lightning.
The lightning grounds out.
Unknown command.
There is a stone staircase leading up here.
The ogre hits you with a +0 giant spiked club!!
Ouch! That really hurt!
You die...

........#O....#
..##.....#...##
###....##.##
#...†######
..#.........##
#...........###
#......#.......#
.....#####.O...##
....# ##.@..#
.### #...## #####


You could see an ogre.

Vanquished Creatures
  3 adders
  2 leopard geckos
  A giant cockroach (D:4)
  3 goblins (D:1)
  A ball python (D:1)
  2 bats
  A frilled lizard (D:1)
  2 kobolds (D:1)
  2 rats (D:1)
17 creatures vanquished.

Notes
Turn   | Place    | Note
-------+----------+-------------------------------------------
     0 | D:1      | doot the Tengu Air Elementalist began the quest for the
                  | Orb.
     0 | D:1      | Reached XP level 1. HP: 10/10 MP: 4/4
   308 | D:1      | Reached XP level 2. HP: 15/15 MP: 1/6
   315 | D:1      | Learned a level 2 spell: Swiftness
   576 | D:3      | Reached XP level 3. HP: 19/19 MP: 4/7
   581 | D:3      | Learned a level 3 spell: Static Discharge
   614 | D:4      | Reached skill level 5 in Air Magic
   689 | D:4      | Noticed an ogre
   714 | D:4      | Mangled by an ogre

Skill      XL: |  1  2  3 |
---------------+----------+-----
Air Magic      | 5 |  5.1
Dodging        | |  2.3
Stealth        | |  2.2
Spellcasting   | |  2.4
Conjurations   | |  1.9

Action                   || total
-------------------------++-------
 Cast: Shock             ||    30
       Static Discharge  ||     2
Dodge: Dodged            ||     8
